 Dungeon Crawl Stone Soup version 0.29-a0-330-g52719c12eb (webtiles) character file.

Game seed: 18088771032620410786

1288 night the Archer (level 8, -8/64 HPs)
             Began as a Gnoll Hunter on May 5, 2022.
             Was a Priest of Zin.
             Mangled by an orc warrior
             ... wielding a +0 scimitar
              (11 damage)
             ... on level 6 of the Dungeon.
             The game lasted 00:12:36 (7254 turns).

night the Archer (Gnoll Hunter)                     Turns: 7254, Time: 00:12:37

Health: -8/64      AC:  8    Str: 10    XL:     8   Next: 55%
Magic:  13/13      EV: 13    Int:  9    God:    Zin [***...]
Gold:   213        SH:  0    Dex: 18    Spells: 13/13 levels left

rFire   + . .      SeeInvis .   a - +1 shortbow
rCold   . . .      Faith    .   (shield currently unavailable)
rNeg    . . .      Spirit   .   p - +0 ring mail
rPois   +          Reflect  .   (no helmet)
rElec   .          Harm     .   (no cloak)
rCorr   .          Rampage  .   f - +0 pair of gloves
Will    .....                   o - +0 pair of boots
Stlth   ++........              (no amulet)
HPRegen 0.20/turn               g - ring of poison resistance
MPRegen 0.13/turn               q - ring of protection from fire

@: about to teleport
A: fangs 1, strong nose, distributed training
a: Renounce Religion, Recite, Vitalisation, Imprison, Donate Gold


You were on level 6 of the Dungeon.
You worshipped Zin.
Zin was most pleased with you.
You visited 1 branch of the dungeon, and saw 6 of its levels.
You also visited: Sewer.

You collected 236 gold pieces.
You donated 23 gold pieces to Zin.

Inventory:

Hand Weapons
 a - a +1 shortbow (weapon)
 m - a +0 dagger
 A - a +2 trident
Missiles
 b - 32 poisoned darts
 j - 228 stones
Armour
 f - a +0 pair of gloves (worn)
 o - a +0 pair of boots (worn)
 p - a +0 ring mail (worn)
 s - a +0 leather armour
Jewellery
 d - a ring of see invisible
 g - a ring of poison resistance (left hand)
 q - a ring of protection from fire (right hand)
Wands
 y - a wand of flame (16)
Scrolls
 c - 3 scrolls of immolation
 l - 4 scrolls of identify
 n - a scroll of amnesia
 w - 2 scrolls of blinking {unknown}
Potions
 e - 3 potions of degeneration {unknown}
 h - 2 potions of curing
 i - a potion of flight {unknown}
 k - a potion of heal wounds
 r - a potion of attraction {unknown}
 t - a potion of resistance {unknown}
 u - 2 potions of brilliance {unknown}
 v - a potion of haste {unknown}
 B - a potion of cancellation {unknown}


   Skills:
 + Level 5.7 Fighting
 + Level 3.3 Short Blades
 + Level 3.3 Long Blades
 + Level 3.3 Axes
 + Level 3.3 Maces & Flails
 + Level 3.3 Polearms
 + Level 3.3 Staves
 + Level 3.3 Slings
 + Level 9.2 Bows
 + Level 3.3 Crossbows
 + Level 3.3 Throwing
 + Level 3.3 Armour
 + Level 5.7 Dodging
 + Level 4.1 Stealth
 + Level 3.3 Shields
 + Level 3.3 Unarmed Combat
 + Level 3.3 Spellcasting
 + Level 2.7 Conjurations
 + Level 2.7 Hexes
 + Level 2.7 Summonings
 + Level 2.7 Necromancy
 + Level 2.7 Translocations
 + Level 2.7 Transmutations
 + Level 2.7 Fire Magic
 + Level 2.7 Ice Magic
 + Level 2.7 Air Magic
 + Level 2.7 Earth Magic
 + Level 2.7 Poison Magic
 + Level 3.7 Invocations
 + Level 3.3 Evocations


You had 13 spell levels left.
You didn't know any spells.
Your spell library contained the following spells:

 Spells                   Type           Power      Damage    Failure   Level
 Blink                    Tloc           12%        N/A       34%         2
 Gell's Gravitas          Tloc           6%         N/A       56%         3
 Lesser Beckoning         Tloc           6%         N/A       56%         3
 Teleport Other           Tloc           6%         N/A       56%         3
 Manifold Assault         Tloc           6%         N/A       99%         5
 Dispersal                Tloc           3%         N/A       100%        6


Dungeon Overview and Level Annotations

Branches:
Dungeon (6/15)             Temple (0/1) D:5           Sewer (visited)

Altars:
Gozag
Hepliaklqana
Okawaru
Wu Jian
Zin
The Shining One

Shops:
D:2 !   D:5 (*(


Innate Abilities, Weirdness & Mutations

You have very sharp teeth.
Your uncanny sense of smell can sniff out nearby items.
Your experience applies equally to all skills.


Message History

The puff of flame misses you.
The orc warrior hits you with a +0 scimitar!!
You shoot an arrow.
The arrow hits the orc warrior but does no damage.
The orc warrior closely misses you. The orc wizard barely misses you.
You shoot an arrow. The arrow hits the orc warrior.
The orc warrior is moderately wounded.
The orc warrior hits you with a +0 scimitar.
The orc wizard casts a spell at you. The puff of flame hits you. You resist.
Throw: 34 darts (poison)
Press: ? - help, Shift-Dir - straight line, f/p - orc warrior
Aim: an orc warrior, wielding a +0 scimitar and wearing a +0 plate armour (moderately wounded, 64% to hit)
You throw a poisoned dart.
The poisoned dart barely misses the orc warrior.
The poisoned dart misses the orc wizard.
The orc warrior closely misses you.
You can't go up here!
Throw: 33 darts (poison)
Press: ? - help, Shift-Dir - straight line, f/p - orc warrior
Aim: an orc warrior, wielding a +0 scimitar and wearing a +0 plate armour (moderately wounded, 64% to hit)
You throw a poisoned dart. The poisoned dart hits the orc warrior.
The orc warrior is poisoned.
The orc warrior is moderately wounded.
The orc warrior hits you with a +0 scimitar!
The orc warrior attacks as you move away!
The orc warrior misses you.
The orc warrior attacks as you move away!
The orc warrior hits you with a +0 scimitar.
The orc warrior attacks as you move away!
The orc warrior misses you.
The orc warrior attacks as you move away!
The orc warrior hits you with a +0 scimitar!!
* * * LOW HITPOINT WARNING * * *
As you read the scroll labelled JISUEZXA TUN PUTO, it crumbles to dust.
The scroll dissolves into smoke.
It was a scroll of fog.
As you read the scroll of teleportation, it crumbles to dust.
You feel strangely unstable.
The orc warrior looks more healthy.
The orc warrior hits you with a +0 scimitar!
You die...

#.#.######<###
####.#...........
#.........######
#.##...........#
#.....o.#.####.#
#######.##.#
......§o§..### ########
#######o##...##.#.......
#@o§......#.......
#######§§§...####.......
......§§§§..>...........
.######......####.......
#......#..........
#......#..........
#......#..........
#......#..........
####...#..........


You could see an orc warrior, an orc wizard and an orc.

Vanquished Creatures
  A steam dragon (D:6)
  Menkaure (D:5)
  An ice beast (D:6)
  3 kobold brigands
  A necrophage (D:6)
  3 wights (D:6)
  A hound (D:5)
  A jelly (D:3)
  2 orc priests (D:5)
  2 orc wizards (D:5)
  An iguana (D:5)
  9 gnolls
  5 adders
  4 river rats (Sewer)
  4 white imps
  An ufetubus (D:6)
  A worm (D:4)
  A dart slug (D:1)
  17 orcs
  21 ball pythons
  3 bats
  9 endoplasms
  A giant cockroach (D:3)
  6 goblins
  5 hobgoblins
  8 quokkas
  4 frilled lizards
  29 kobolds
  19 rats
164 creatures vanquished.

Notes
Turn   | Place    | Note
-------+----------+-------------------------------------------
     0 | D:1      | night the Gnoll Hunter began the quest for the Orb.
     0 | D:1      | Reached XP level 1. HP: 20/20 MP: 1/1
    62 | D:1      | Reached XP level 2. HP: 26/26 MP: 2/2
   515 | D:1      | Reached XP level 3. HP: 24/31 MP: 3/3
  1033 | D:2      | Found an ornate altar of the Wu Jian Council.
  1098 | D:2      | Found Calum's Distillery.
  1238 | D:2      | Reached skill level 1 in Invocations
  1456 | D:3      | Reached skill level 1 in Short Blades
  1456 | D:3      | Reached skill level 1 in Long Blades
  1456 | D:3      | Reached skill level 1 in Axes
  1456 | D:3      | Reached skill level 1 in Maces & Flails
  1456 | D:3      | Reached skill level 1 in Polearms
  1456 | D:3      | Reached skill level 1 in Staves
  1456 | D:3      | Reached skill level 1 in Slings
  1456 | D:3      | Reached skill level 1 in Crossbows
  1456 | D:3      | Reached skill level 1 in Throwing
  1456 | D:3      | Reached skill level 1 in Armour
  1456 | D:3      | Reached skill level 1 in Shields
  1456 | D:3      | Reached skill level 1 in Unarmed Combat
  1456 | D:3      | Reached skill level 1 in Spellcasting
  1456 | D:3      | Reached skill level 1 in Evocations
  1456 | D:3      | Reached XP level 4. HP: 38/38 MP: 5/5
  1644 | D:3      | Reached skill level 1 in Conjurations
  1644 | D:3      | Reached skill level 1 in Hexes
  1644 | D:3      | Reached skill level 1 in Summonings
  1644 | D:3      | Reached skill level 1 in Necromancy
  1644 | D:3      | Reached skill level 1 in Translocations
  1644 | D:3      | Reached skill level 1 in Transmutations
  1644 | D:3      | Reached skill level 1 in Fire Magic
  1644 | D:3      | Reached skill level 1 in Ice Magic
  1644 | D:3      | Reached skill level 1 in Air Magic
  1644 | D:3      | Reached skill level 1 in Earth Magic
  1644 | D:3      | Reached skill level 1 in Poison Magic
  1875 | D:3      | Reached XP level 5. HP: 42/43 MP: 5/7
  2404 | D:3      | Found a faded altar of an unknown god.
  2411 | D:3      | Prayed at the altar of an unknown god.
  2411 | D:3      | Became a worshipper of Zin the Law-Giver
  2411 | D:3      | Reached * piety under Zin
  2411 | D:3      | Reached ** piety under Zin
  2778 | D:4      | Found a glowing drain.
  2789 | Sewer    | Entered a sewer
  2899 | Sewer    | Noticed a kobold brigand
  2942 | Sewer    | Killed a kobold brigand
  2943 | Sewer    | Reached skill level 2 in Invocations
  2943 | Sewer    | Reached XP level 6. HP: 24/50 MP: 8/8
  3210 | Sewer    | Reached skill level 5 in Fighting
  3210 | Sewer    | Reached skill level 5 in Dodging
  3215 | Sewer    | Reached skill level 2 in Short Blades
  3215 | Sewer    | Reached skill level 2 in Long Blades
  3215 | Sewer    | Reached skill level 2 in Axes
  3215 | Sewer    | Reached skill level 2 in Maces & Flails
  3215 | Sewer    | Reached skill level 2 in Polearms
  3215 | Sewer    | Reached skill level 2 in Staves
  3215 | Sewer    | Reached skill level 2 in Slings
  3215 | Sewer    | Reached skill level 2 in Crossbows
  3215 | Sewer    | Reached skill level 2 in Throwing
  3215 | Sewer    | Reached skill level 2 in Armour
  3215 | Sewer    | Reached skill level 2 in Shields
  3215 | Sewer    | Reached skill level 2 in Unarmed Combat
  3215 | Sewer    | Reached skill level 2 in Spellcasting
  3215 | Sewer    | Reached skill level 2 in Evocations
  3546 | Sewer    | HP: 7/51 [kobold/+0 short sword (1)]
  4315 | D:4      | Found an opulent altar of Gozag.
  4384 | D:4      | Reached XP level 7. HP: 56/56 MP: 10/10
  4459 | D:5      | Entered Level 5 of the Dungeon
  4559 | D:4      | HP: 8/56 [something (3)]
  4565 | D:5      | Found Medequ's Antique Weapon Shoppe.
  4866 | D:5      | Found Lauruwku's Antique Weapon Boutique.
  5129 | D:5      | Found a staircase to the Ecumenical Temple.
  5133 | D:5      | Noticed Menkaure
  5145 | D:5      | Killed Menkaure
  5146 | D:5      | Reached skill level 2 in Conjurations
  5146 | D:5      | Reached skill level 2 in Hexes
  5146 | D:5      | Reached skill level 2 in Summonings
  5146 | D:5      | Reached skill level 2 in Necromancy
  5146 | D:5      | Reached skill level 2 in Translocations
  5146 | D:5      | Reached skill level 2 in Transmutations
  5146 | D:5      | Reached skill level 2 in Fire Magic
  5146 | D:5      | Reached skill level 2 in Ice Magic
  5146 | D:5      | Reached skill level 2 in Air Magic
  5146 | D:5      | Reached skill level 2 in Earth Magic
  5146 | D:5      | Reached skill level 2 in Poison Magic
  5400 | D:5      | Reached skill level 9 in Bows
  5637 | D:5      | Found Uceideju's Assorted Antiques.
  6110 | D:6      | HP: 7/47 [wight/+4 flail (13)]
  6119 | D:6      | HP: 2/48 [wight/+0 spear (5)]
  6479 | D:6      | Reached XP level 8. HP: 49/59 MP: 12/12
  6822 | D:6      | Reached *** piety under Zin
  6860 | D:6      | Found a faded altar of an unknown god.
  6860 | D:6      | Found a faded altar of an unknown god.
  6869 | D:6      | Found an iron altar of Okawaru.
  6871 | D:6      | Found a hazy altar of Hepliaklqana.
  6873 | D:6      | Found a glowing golden altar of the Shining One.
  7250 | D:6      | HP: 2/64 [orc warrior/+0 scimitar (19)]
  7254 | D:6      | Mangled by an orc warrior

Illustrated notes

Levels and vault maps discovered:
D:1:      matt_arrival_los_fun, layout_basic, kennysheep_minor_cross
D:2:      layout_basic, serial_shops, nicolae_shop_statue_plus, basic_altar
D:3:      layout_basic, dilly_ecumenical_altar_fadedgnrine, amethyst_killhole,
          chequers_avenue, kennysheep_generic_room_7
D:4:      layout_gridville, nicolae_overflow_hidden_temple,
          cheibrodos_sewer_entry_sluice
D:5:      layout_cave_pods, minmay_temple_entry_glass, serial_shops, shop,
          nicolae_take_the_stairs, shop_fountains, minivault_23, uniq_menkaure
D:6:      layout_basic, chequers_temple_overflow_minitemple

Skill      XL: |  1  2  3  4  5  6  7  8 |
---------------+-------------------------+-----
Invocations    | 1 2 3 |  3.7
Short Blades   | 1 2 3 |  3.3
Long Blades    | 1 2 3 |  3.3
Axes           | 1 2 3 |  3.3
Maces & Flails | 1 2 3 |  3.3
Polearms       | 1 2 3 |  3.3
Staves         | 1 2 3 |  3.3
Slings         | 1 2 3 |  3.3
Crossbows      | 1 2 3 |  3.3
Throwing       | 1 2 3 |  3.3
Armour         | 1 2 3 |  3.3
Shields        | 1 2 3 |  3.3
Unarmed Combat | 1 2 3 |  3.3
Spellcasting   | 1 2 3 |  3.3
Evocations     | 1 2 3 |  3.3
Conjurations   | 1 2 |  2.7
Hexes          | 1 2 |  2.7
Summonings     | 1 2 |  2.7
Necromancy     | 1 2 |  2.7
Translocations | 1 2 |  2.7
Transmutations | 1 2 |  2.7
Fire Magic     | 1 2 |  2.7
Ice Magic      | 1 2 |  2.7
Air Magic      | 1 2 |  2.7
Earth Magic    | 1 2 |  2.7
Poison Magic   | 1 2 |  2.7
Stealth        | 3 4 |  4.1
Fighting       | 5 |  5.7
Dodging        | 5 |  5.7
Bows           | 9 |  9.2

Action                   |  1- 3 |  4- 6 |  7- 9 || total
-------------------------+-------+-------+-------++-------
Melee: Dagger            |       |    23 |       ||    23
       Punch             |       |     1 |       ||     1
       Bite              |       |     1 |       ||     1
       Trident           |       |       |     2 ||     2
 Fire: Shortbow          |    92 |   205 |   178 ||   475
Throw: Dart              |       |     4 |     2 ||     6
Invok: Recite            |       |     1 |     1 ||     2
  Use: Scroll            |       |     4 |     2 ||     6
       Potion            |       |     3 |     2 ||     5
Armor: Leather armour    |     2 |       |       ||     2
       Ring mail         |     4 |    73 |    46 ||   123
Dodge: Dodged            |    13 |   133 |    78 ||   224

Table legend: (Time is in decaauts)
 A = Elapsed time spent in this place.
 B = Non-inter-level travel time spent in this place.
 C = Inter-level travel time spent in this place.
 D = Time resting spent in this place.
 E = Time spent auto-exploring this place.
 F = Levels seen in this place.
 G = Mean time per level.
                   A        B        C        D        E       F      G
               +--------+--------+--------+--------+--------+-----+--------+
         Total |   7355 |   7176 |    179 |    955 |   5090 |   7 | 1050.7 |
       Dungeon |   6158 |   5979 |    179 |    779 |   4353 |   6 | 1026.3 |
         Sewer |   1196 |   1196 |      0 |    176 |    736 |   1 | 1196.0 |
               +--------+--------+--------+--------+--------+-----+--------+

Top non-repeatable levels by time:
     D:5: 1892 daAuts
   Sewer: 1196 daAuts
     D:3: 1124 daAuts
     D:1: 1040 daAuts
     D:4: 893 daAuts
     D:6: 838 daAuts
     D:2: 369 daAuts
